 Dungeon Sprint DCSS version 0.17.0-27-g4a3f43e (webtiles) character file.

16436 oplop the Spry (level 12, -6/66 HPs)
             Began as a Spriggan Enchanter on Nov 21, 2015.
             Was the Champion of Dithmenos.
             Killed from afar by a fire giant (34 damage)
             ... with a fireball
             ... in the Dungeon (Sprint I: "Red Sonja").
             The game lasted 00:18:37 (3267 turns).

oplop the Spry (Spriggan Enchanter)                 Turns: 3267, Time: 00:18:37

Health: -6/66      AC:  5    Str:  4    XL:     12   Next: 10%
Magic:  29/32      EV: 34    Int: 18    God:    Dithmenos [******]
Gold:   341        SH:  0    Dex: 20    Spells: 5 memorised, 30 levels left

rFire  . . .     SeeInvis +     a - +1 dagger
rCold  . . .     Clarity  .     b - +1 robe
rNeg   . . .     SustAt   .     (shield restricted)
rPois  .         Gourm    .     (helmet restricted)
rElec  .         Spirit   .     o - +1 cloak {+Inv}
rCorr  .         Warding  .     (gloves unavailable)
rMut   .         NoTele   +     (boots unavailable)
MR     ++...                    (no amulet)
Stlth  ++++++++++               (no ring)
                                (no ring)

@: very slightly contaminated, wreathed by umbra, very quick, very resistant to
hostile enchantments, uncannily stealthy
A: unfitting armour, see invisible, herbivore 3, speed 3, slow metabolism 2
a: Shadow Step, Shadow Form, Renounce Religion, Evoke Invisibility


You were in the Dungeon.
You worshipped Dithmenos.
Dithmenos was exalted by your worship.
You were not hungry.

You visited 1 branch You collected 1245 gold pieces.
You spent 904 gold pieces at shops.

Inventory:

Hand Weapons
 a - a +1 dagger (weapon)
 l - a +0 blowgun
 m - a +1 short sword of draining
Missiles
 n - 6 curare-tipped needles
Armour
 b - a +1 robe (worn)
 o - a +1 cloak of invisibility (worn)
Scrolls
 j - 3 scrolls of blinking
 p - a scroll of fog {unknown}
 q - a scroll of remove curse {unknown}
 t - 2 scrolls of identify
 u - a scroll of amnesia {unknown}
Potions
 e - 4 potions of curing
 f - a potion of heal wounds
 g - 2 potions of haste
 h - 2 potions of magic
 i - a potion of berserk rage
 k - a potion of resistance
Books
 c - a book of Maledictions

   Spells                             Type                      Level
   a - Corona                         Hexes                        1
   b - Ensorcelled Hibernation        Hexes/Ice                    2
   c - Confuse                        Hexes                        3
   d - Tukima's Dance                 Hexes                        3
   e - Dazzling Spray                 Conjuration/Hexes            3
 s - a book of Unlife

   Spells                             Type                      Level
   a - Recall                         Summoning/Translocation      3
   b - Animate Dead                   Necromancy                   4
   c - Control Undead                 Necromancy                   4
   d - Cigotuvi's Embrace             Necromancy                   5
   e - Death Channel                  Necromancy                   6
   f - Simulacrum                     Ice/Necromancy               6
Comestibles
 d - a bread ration


   Skills:
 - Level 9.1 Fighting
 - Level 12.5 Short Blades
 + Level 16.4 Dodging
 - Level 12.9 Stealth
 + Level 15.7 Spellcasting
 - Level 13.1 Hexes
 + Level 11.1 Invocations
 - Level 13.7 Evocations


You had 30 spell levels left.
You knew the following spells:

 Your Spells              Type           Power        Failure   Level  Hunger
a - Corona                Hex            ######.      1%          1    None
b - Ensorcelled Hibernat  Hex/Ice        #####.       1%          2    None
c - Confuse               Hex            ######..     1%          3    None
d - Tukima's Dance        Hex            ######..     1%          3    None
e - Dazzling Spray        Conj/Hex       #####...     1%          3    None


Dungeon Overview and Level Annotations

Branches:
Dungeon (1/1)

Altars:
Cheibriados
Dithmenos
Elyvilon
Fedhas
Gozag
Kikubaaqudgha
Makhleb
Nemelex Xobeh
Okawaru
Qazlal
Ru
Sif Muna
Trog
Vehumet
Xom
Yredelemnul
Zin
The Shining One
Jiyva

Shops:
D :[*!:[=*=%%**:}:!=}[=

Annotations:
D Norris


Innate Abilities, Weirdness & Mutations

You are tiny and cannot use many weapons and most armour.
You have supernaturally acute eyesight.
You are a herbivore.
You cover ground extremely quickly.
You need consume almost no food.


Message History

You start resting.
You flicker back into view.
You start resting.
Magic restored.
You start resting.
A fire giant opens the door.
It is wielding a great sword of flaming.
Casting: Dazzling Spray
Confirm with . or Enter, or press ? or * to list all spells.
Aiming: Dazzling Spray
Press: ? - help, Shift-Dir - straight line, f/p - fire giant
Aim: a fire giant, wielding a great sword of flaming (hasn't noticed you)
The spray of energy hits the fire giant.
The fire giant is lightly wounded.
The fire giant shouts!
Your shadow mimicks your spell!
The shadow shard hits the fire giant.
The fire giant points at you and mumbles some strange words.
The fireball explodes!
The fireball engulfs you!
Ouch! That really hurt!
You die...

#####################
.')..#..#§§§§§§§§§§§+
.#...##'#§####§§§§§#
##.).'..#§#.###§@§#####
§#####..+§#'#§###§# $)##
)#..##'####§§$#@#C##$$$#
.'..#§§§§§#§§§###..###$#
§#..#§§^^§+§§$$$##.#A#$#
###§###§)^#§§...#..###$#
###.'.#§^.###++##.##..$#
#(###.#§^###§§###..#+###
'%∩##.#.^# ##§.###...#


You could see a fire giant.

Vanquished Creatures
  A lorocyproca (D)
  2 centaur warriors (D)
  Sonja (D)
  7 unseen horrors (D)
  A deep troll (D)
  A lindwurm (D)
  8 shining eyes (D)
  An oklob plant (D)
  A gargoyle (D)
  2 kobold demonologists (D)
  4 demonic crawlers (D)
  A slime creature (D)
  Sigmund (D)
  4 trapdoor spiders (D)
  A yak (D)
  13 hogs (D)
  7 necrophages (D)
  A wasp (D)
  An ogre (D)
  8 jellies (D)
  Ijyb (D)
  6 giant eyeballs (D)
  2 ballistomycetes (D)
75 creatures vanquished.

Vanquished Creatures (others)
  2 giant spores (D)
2 creatures vanquished.

Grand Total: 77 creatures vanquished

Notes
Turn   | Place    | Note
--------------------------------------------------------------
     0 | D        | oplop the Spriggan Enchanter began the quest for the Orb.
     0 | D        | Reached XP level 1. HP: 9/9 MP: 5/5
     1 | D        | Noticed Ijyb
    11 | D        | Killed Ijyb
    11 | D        | Reached skill level 6 in Stealth
    11 | D        | Reached XP level 2. HP: 7/13 MP: 2/8
    63 | D        | Noticed an ogre
    65 | D        | Killed an ogre
    65 | D        | Reached skill level 7 in Stealth
    65 | D        | Reached skill level 5 in Spellcasting
    65 | D        | Reached skill level 5 in Hexes
    65 | D        | Reached XP level 3. HP: 11/16 MP: 9/11
    65 | D        | Reached XP level 4. HP: 14/21 MP: 9/12
   167 | D        | Noticed Sigmund
   208 | D        | Killed Sigmund
   208 | D        | Reached skill level 8 in Dodging
   208 | D        | Reached skill level 9 in Stealth
   208 | D        | Reached XP level 5. HP: 12/24 MP: 11/15
   213 | D        | Learned a level 3 spell: Confuse
   216 | D        | Learned a level 2 spell: Ensorcelled Hibernation
   220 | D        | Learned a level 3 spell: Tukima's Dance
   224 | D        | Learned a level 3 spell: Dazzling Spray
   354 | D        | Found a snail-covered altar of Cheibriados.
   354 | D        | Found a viscous altar of Jiyva.
   354 | D        | Found a shadowy altar of Dithmenos.
   354 | D        | Found a blossoming altar of Fedhas.
   354 | D        | Noticed a slime creature
   357 | D        | Killed a slime creature
   357 | D        | Reached skill level 10 in Stealth
   357 | D        | Reached XP level 6. HP: 28/28 MP: 16/18
   359 | D        | Became a worshipper of Dithmenos the Shadowed
   362 | D        | Found a deep blue altar of Sif Muna.
   362 | D        | Noticed a jelly
   364 | D        | Found a radiant altar of Vehumet.
   367 | D        | Killed a jelly
   367 | D        | Reached skill level 11 in Stealth
   384 | D        | Found Sosen's Distillery.
   384 | D        | Found a white marble altar of Elyvilon.
   384 | D        | Found a stormy altar of Qazlal.
   384 | D        | Found a burning altar of Makhleb.
   384 | D        | Found a sacrificial altar of Ru.
   384 | D        | Found a basalt altar of Yredelemnul.
   384 | D        | Found a glowing golden altar of the Shining One.
   384 | D        | Found a sparkling altar of Nemelex Xobeh.
   384 | D        | Found a shimmering altar of Xom.
   384 | D        | Found an opulent altar of Gozag.
   384 | D        | Found an ancient bone altar of Kikubaaqudgha.
   384 | D        | Found a glowing silver altar of Zin.
   384 | D        | Noticed a yak
   385 | D        | Found an iron altar of Okawaru.
   394 | D        | Killed a yak
   394 | D        | Reached skill level 10 in Dodging
   394 | D        | Reached XP level 7. HP: 10/32 MP: 13/20
   398 | D        | Found a bloodstained altar of Trog.
   402 | D        | Bought a potion of curing for 33 gold pieces
   402 | D        | Bought a potion of haste for 110 gold pieces
   629 | D        | Noticed Sonja
   633 | D        | Killed Sonja
   633 | D        | Reached * piety under Dithmenos
   633 | D        | Reached skill level 12 in Stealth
   633 | D        | Reached skill level 10 in Spellcasting
   633 | D        | Reached skill level 10 in Hexes
   633 | D        | Reached XP level 8. HP: 36/36 MP: 21/23
   646 | D        | Noticed a deep troll
   650 | D        | Killed a deep troll
   660 | D        | Found Vyetuosa's Armour Emporium.
   664 | D        | Bought a +1 cloak of invisibility for 181 gold pieces
   695 | D        | Found Jauhialoe's Book Boutique.
   743 | D        | Noticed a kobold demonologist
   744 | D        | Noticed a kobold demonologist
   754 | D        | Killed a kobold demonologist
   754 | D        | Reached ** piety under Dithmenos
   754 | D        | Reached XP level 9. HP: 41/44 MP: 14/25
   756 | D        | Killed a kobold demonologist
   813 | D        | Noticed a demonic crawler
   813 | D        | Noticed a demonic crawler
   813 | D        | Noticed a demonic crawler
   813 | D        | Noticed a demonic crawler
  1088 | D        | Noticed a shining eye
  1088 | D        | Noticed a shining eye
  1088 | D        | Noticed a shining eye
  1414 | D        | Noticed a centaur warrior
  1415 | D        | Noticed a centaur warrior
  1417 | D        | Killed a centaur warrior
  1417 | D        | Reached skill level 10 in Short Blades
  1417 | D        | Reached skill level 5 in Invocations
  1419 | D        | Killed a centaur warrior
  1435 | D        | Noticed a wasp
  1438 | D        | Killed a wasp
  1438 | D        | Reached *** piety under Dithmenos
  1451 | D        | Noticed an oklob plant
  1453 | D        | Killed an oklob plant
  1453 | D        | Reached XP level 10. HP: 51/51 MP: 27/27
  1458 | D        | Noticed a trapdoor spider
  1459 | D        | Noticed a trapdoor spider
  1460 | D        | Killed a trapdoor spider
  1460 | D        | Reached skill level 5 in Fighting
  1466 | D        | Killed a trapdoor spider
  1469 | D        | Noticed a trapdoor spider
  1472 | D        | Killed a trapdoor spider
  1472 | D        | Reached skill level 10 in Evocations
  1488 | D        | Noticed a trapdoor spider
  1496 | D        | Killed a trapdoor spider
  1565 | D        | Noticed an unseen horror
  1566 | D        | Noticed an unseen horror
  1582 | D        | Killed an unseen horror
  1582 | D        | Reached **** piety under Dithmenos
  1588 | D        | Killed an unseen horror
  1673 | D        | Noticed a jelly
  1673 | D        | Noticed a jelly
  1675 | D        | Noticed a jelly
  1676 | D        | Noticed a jelly
  1676 | D        | Noticed a jelly
  1676 | D        | Noticed a jelly
  1676 | D        | Noticed a jelly
  1678 | D        | Noticed a necrophage
  1679 | D        | Noticed a necrophage
  1679 | D        | Noticed a necrophage
  1688 | D        | Killed a jelly
  1690 | D        | Killed a jelly
  1713 | D        | Noticed a necrophage
  1713 | D        | Noticed a necrophage
  1714 | D        | Killed a jelly
  1724 | D        | Killed a jelly
  1724 | D        | Reached ***** piety under Dithmenos
  1730 | D        | Noticed a necrophage
  1731 | D        | Killed a jelly
  1732 | D        | Killed a jelly
  1734 | D        | Killed a jelly
  1743 | D        | Killed a necrophage
  1743 | D        | Reached skill level 13 in Hexes
  1746 | D        | Killed a necrophage
  1750 | D        | Noticed a necrophage
  1751 | D        | Killed a necrophage
  1755 | D        | Killed a necrophage
  1758 | D        | Killed a necrophage
  1764 | D        | Killed a necrophage
  1775 | D        | Killed a necrophage
  1835 | D        | Killed a demonic crawler
  1875 | D        | Killed a demonic crawler
  1875 | D        | Reached ****** piety under Dithmenos
  1997 | D        | Killed a demonic crawler
  2047 | D        | Noticed a gargoyle
  2057 | D        | Noticed a lindwurm
  2059 | D        | Killed a lindwurm
  2105 | D        | Noticed a shining eye
  2105 | D        | Noticed a shining eye
  2107 | D        | Noticed a shining eye
  2107 | D        | Noticed a shining eye
  2107 | D        | Noticed a shining eye
  2108 | D        | Killed a shining eye
  2108 | D        | Reached XP level 11. HP: 58/58 MP: 26/29
  2111 | D        | Killed a shining eye
  2113 | D        | Gained mutation: Your spells are a little easier to cast, but a little less powerful. [a shining eye]
  2286 | D        | Gained mutation: You are frail (-10% HP). [a shining eye]
  2289 | D        | Killed a shining eye
  2414 | D        | Gained mutation: Armour fits poorly on your strangely shaped body. [a shining eye]
  2419 | D        | Killed a shining eye
  2428 | D        | Killed a demonic crawler
  2466 | D        | Killed a shining eye
  2532 | D        | Killed a shining eye
  2534 | D        | Gained mutation: You occasionally shout uncontrollably at your foes. [a shining eye]
  2537 | D        | Killed a shining eye
  2537 | D        | Reached skill level 14 in Dodging
  2544 | D        | Killed a shining eye
  2574 | D        | Bought a potion of cure mutation for 385 gold pieces
  2574 | D        | Lost mutation: You are frail (-10% HP). [potion of cure mutation]
  2574 | D        | Lost mutation: You occasionally shout uncontrollably at your foes. [potion of cure mutation]
  2574 | D        | Lost mutation: Armour fits poorly on your strangely shaped body. [potion of cure mutation]
  2574 | D        | Lost mutation: Your spells are a little easier to cast, but a little less powerful. [potion of cure mutation]
  2656 | D        | Found Perisusch's Book Shop.
  2656 | D        | Found Nycos's Antique Armour Shoppe.
  2656 | D        | Found Olitog's Armour Boutique.
  2656 | D        | Found Rili's General Store.
  2671 | D        | Bought 2 scrolls of blinking for 195 gold pieces
  2716 | D        | Paralysed by a giant eyeball for 4 turns
  2751 | D        | Found Beisei's Assorted Antiques.
  2751 | D        | Found Ydoweeveck's Jewellery Shop.
  2751 | D        | Found Tonerheruhy's Jewellery Boutique.
  2753 | D        | Found Iveodghuti's Food Emporium.
  2753 | D        | Found Goidood's Food Shop.
  2753 | D        | Found Ciraif's General Store.
  2753 | D        | Found Taapafas's Assorted Antiques.
  2753 | D        | Found Pouczai's Book Emporium.
  2753 | D        | Found Laeg's Gadget Shop.
  2753 | D        | Found Kamonack's Book Shoppe.
  2754 | D        | Found Azumeava's Distillery.
  2755 | D        | Found Kaskest's Gadget Emporium.
  2755 | D        | Found Pecuoguwagi's Jewellery Boutique.
  2756 | D        | Found Cocru's Jewellery Emporium.
  2845 | D        | Killed a gargoyle
  2848 | D        | Noticed Norris
  2848 | D        | Noticed a lorocyproca
  2891 | D        | Killed a lorocyproca
  3106 | D        | Noticed a hog
  3106 | D        | Noticed a hog
  3106 | D        | Noticed a hog
  3106 | D        | Noticed a hog
  3106 | D        | Noticed a hog
  3106 | D        | Noticed a hog
  3106 | D        | Noticed a hog
  3106 | D        | Noticed a hog
  3106 | D        | Noticed a hog
  3108 | D        | Killed a hog
  3109 | D        | Killed a hog
  3111 | D        | Killed a hog
  3112 | D        | Killed a hog
  3113 | D        | Noticed a hog
  3113 | D        | Noticed a hog
  3113 | D        | Noticed a hog
  3121 | D        | Killed a hog
  3121 | D        | Reached skill level 15 in Dodging
  3122 | D        | Killed a hog
  3124 | D        | Killed a hog
  3127 | D        | Killed a hog
  3127 | D        | Reached skill level 10 in Invocations
  3128 | D        | Killed a hog
  3129 | D        | Noticed a hog
  3129 | D        | Killed a hog
  3131 | D        | Killed a hog
  3132 | D        | Killed a hog
  3132 | D        | Reached skill level 15 in Spellcasting
  3135 | D        | Killed a hog
  3139 | D        | Noticed a daeva
  3143 | D        | Noticed an unseen horror
  3143 | D        | Noticed an unseen horror
  3143 | D        | Noticed an unseen horror
  3143 | D        | Noticed an unseen horror
  3145 | D        | Killed an unseen horror
  3151 | D        | Killed an unseen horror
  3152 | D        | Noticed an unseen horror
  3153 | D        | Killed an unseen horror
  3153 | D        | Reached skill level 16 in Dodging
  3153 | D        | Reached XP level 12. HP: 43/66 MP: 26/32
  3156 | D        | Killed an unseen horror
  3159 | D        | Killed an unseen horror
  3163 | D        | Noticed a fire giant
  3267 | D        | Killed from afar by a fire giant

Action                   |  1- 3 |  4- 6 |  7- 9 | 10-12 || total
-------------------------+-------+-------+-------+-------++-------
Melee: Dagger            |     6 |    41 |     1 |    87 ||   135
       Short sword       |       |       |    35 |    49 ||    84
 Fire: Blowgun           |       |       |       |     2 ||     2
 Cast: Corona            |     3 |     4 |       |       ||     7
       Confuse           |       |     2 |     3 |    17 ||    22
       Ensorcelled Hiber |       |     1 |       |    10 ||    11
       Dazzling Spray    |       |       |     4 |    31 ||    35
       Tukima's Dance    |       |       |     2 |       ||     2
Invok: Shadow Form       |       |       |       |     2 ||     2
       Shadow Step       |       |       |       |     1 ||     1
 Abil: Evoke Invisibilit |       |       |     1 |     2 ||     3
  Use: Scroll            |       |       |     2 |       ||     2
       Potion            |       |       |       |     2 ||     2
 Stab: Sleeping          |     2 |     2 |     7 |    27 ||    38
       Confused          |       |     1 |     2 |    12 ||    15
       Invisible         |       |       |     1 |    17 ||    18
  Eat: Bread ration      |       |       |       |     1 ||     1
